 Dungeon Crawl Stone Soup version 0.29.1-1-gd02db6906a (webtiles) character file.

Game seed: 9363735002331000056

10216 hikkokomori the Fighter (level 12, -6/112 HPs)
             Began as a Meteoran Earth Elementalist on Oct 11, 2022.
             Was a High Priest of Wu Jian.
             Engulfed by a cloud of poison gas (9 damage)
             ... on level 10 of the Dungeon.
             The game lasted 00:36:18 (5714 turns).

hikkokomori the Fighter (MeEE)                      Turns: 5714, Time: 00:36:20

Health: -6/112     AC: 11    Str: 11    XL:     12   Next: 16%
Magic:  16/17      EV: 11    Int: 19    God:    Wu Jian [*****.]
Gold:   575        SH:  0    Dex: 26    Spells: 3/16 levels left

rFire   + . .      SeeInvis .   b - +4 great sword
rCold   . . .      Faith    .   (shield currently unavailable)
rNeg    . . .      Spirit   .   A - +4 ring mail of Emaoxig {Int+3}
rPois   .          Reflect  .   t - +0 helmet
rElec   .          Harm     .   (no cloak)
rCorr   .          Rampage  .   q - +0 pair of gloves
Will    +....                   (no boots)
Stlth   +.........              o - amulet of magic regeneration
HPRegen 0.28/turn               y - ring of Dithmenos's Envy {rF+ Dex+6 Slay+3 Stlth+}
MPRegen 0.55/turn               (no ring)

@: lethally poisoned (-6 -> -16), marked, glowing
A: sense surroundings 2, otherworldly, glowing, explore regen
a: Renounce Religion, Wall Jump, Serpent's Lash, Heavenly Storm


You were on level 10 of the Dungeon.
You worshipped Wu Jian.
Wu Jian was extremely pleased with you.
You visited 1 branch of the dungeon, and saw 10 of its levels.
You also visited: Bailey.

You collected 575 gold pieces.

Inventory:

Hand Weapons
 b - a +4 great sword (weapon)
 e - a +0 spear
 m - a +4 dagger of electrocution
 r - a +0 long sword
 F - a +2 dagger of holy wrath
 G - a +5 short sword
Missiles
 g - a throwing net
 z - 3 curare-tipped darts
Armour
 a - a +1 robe
 h - a +0 scale mail
 q - a +0 pair of gloves (worn)
 t - a +0 helmet (worn)
 u - a +3 leather armour
 A - the +4 ring mail of Emaoxig (worn) {Int+3}
   (You found it in a bailey)

   Int:       It affects your intelligence (+3).
 B - a +0 chain mail of cold resistance
 D - a +0 troll leather armour
 E - an orb of wrath
Jewellery
 o - an amulet of magic regeneration (around neck)
 x - a ring of fire
 y - the ring of Dithmenos's Envy (left hand) {rF+ Dex+6 Slay+3 Stlth+}
   (You acquired it on level 7 of the Dungeon)

   [ring of dexterity]

   Dex:       It affects your dexterity (+6).
   Slay:      It affects your accuracy & damage with ranged weapons and melee
   (+3).
   rF:        It protects you from fire.
   Stlth:     It makes you more stealthy.
Wands
 p - a wand of paralysis (3)
Scrolls
 c - a scroll of noise
 f - a scroll of butterflies {unknown}
 j - a scroll of brand weapon
 k - a scroll of amnesia {unknown}
 n - a scroll of fear
 v - a scroll of vulnerability {unknown}
 w - 4 scrolls of enchant armour
Potions
 i - 3 potions of brilliance
 l - a potion of attraction


   Skills:
 + Level 12.1 Fighting
 - Level 7.8(8.5) Short Blades
 + Level 5.5(7.8) Long Blades
 - Level 2.4 Dodging
 - Level 1.4 Stealth
 - Level 2.6 Spellcasting
 - Level 6.5 Conjurations
 - Level 5.3 Summonings
 - Level 5.3 Translocations
 - Level 1.2 Transmutations
 - Level 9.2 Earth Magic


You had 3 spell levels left.
You knew the following spells:

 Your Spells              Type           Power      Damage    Failure   Level
a - Sandblast             Erth           74%        2d16      1%          1
b - Stone Arrow           Conj/Erth      64%        3d11      4%          3
c - Blink                 Tloc           44%        N/A       6%          2
d - Summon Forest         Summ/Tloc      11%        N/A       75%         5
e - Passwall              Tmut/Erth      18%        N/A       7%          2

Your spell library contained the following spells:

 Spells                   Type           Power      Damage    Failure   Level
 Lesser Beckoning         Tloc           22%        N/A       13%         3
 Conjure Flame            Conj/Fire      14%        6-21      30%         3
 Wereblood                Tmut           7%         N/A       34%         2
 Sublimation of Blood     Necr           2%         N/A       50%         2
 Ignite Poison            Fire/Tmut/Pois 4%         N/A       69%         3
 Petrify                  Tmut/Erth      22%        N/A       41%         4
 Sticky Flame             Conj/Fire      14%        2d4       69%         4
 Manifold Assault         Tloc           22%        N/A       75%         5
 Summon Mana Viper        Hex/Summ       12%        N/A       98%         5
 Summon Cactus Giant      Summ           11%        N/A       100%        6
 Summon Hydra             Summ           11%        N/A       100%        7


Dungeon Overview and Level Annotations

Branches:
Dungeon (10/15) Zot: 825   Temple (0/1) D:4            Lair (0/5) D:8
 Bailey (visited)
    Orc: D:9-12

Altars:
Dithmenos
Fedhas
Ru
Sif Muna
Wu Jian

Shops:
D:6 *

Portals:
Abyss: D:3

Annotations:
D:3 4 transporters, fireball365's ghost, weakling MiFi
D:6 exclusion: 2 oklob plants
D:9 1 runed translucent door, Icepheonix32's ghost, journeyman MfTm
D:10 Erica


Innate Abilities, Weirdness & Mutations

You passively map the area around you.
You are easily found by Zot.
You glow in the dark.
You regain HP and MP as you explore.


Message History

You kill the yak!
The Council accepts your kill.
The orc warrior is engulfed in poison gas.
The orc warrior looks even sicker.
Something hits you. Something burns you.
Unknown command.
You hit the orc warrior.
The orc warrior is severely wounded.
The orc warrior hits you with a +0 war axe.
Something hits you!
* * * LOW HITPOINT WARNING * * *
Something burns you.
* * * LOW HITPOINT WARNING * * *
The orc wizard casts a spell.
The orc wizard flickers and vanishes!
Something hits you!
* * * LOW HITPOINT WARNING * * *
Something burns you.
* * * LOW HITPOINT WARNING * * *
A wraith comes into view.
The orc warrior hits you with a +0 war axe!
* * * LOW HITPOINT WARNING * * *
Unknown command.
An orc wizard comes into view. It is wielding a +0 dagger.
You spin and attack the orc warrior.
You slice the orc warrior!!
You kill the orc warrior!
The Council accepts your kill.
You see here a yak corpse.
Unknown command.
Okay, then.
Okay, then.
Press: ? - help, v - describe, . - travel The floor, spattered with blood.
Unknown command.
Really walk into that cloud of poison gas?
Something hits you!
* * * LOW HITPOINT WARNING * * *
Something burns you.
* * * LOW HITPOINT WARNING * * *
You are engulfed in poison gas.
You are lethally poisoned!
You die...

#.#. #... #.#. * * *
########.#. * , ,,, ,
.........#. * * *#### *
########... * * #☼. , , ,
#.#. * * #°#*
#######.#.#. * * #@#
#.......#.#. *######†###
#.#######.#. ,* ,
*#○.§..○){.###...........
*
,..W☼..○)§§##......#.).#.
, ,
.o§§○[§°☼☼........+.....
*
#°○☼.°☼~§.##○.....#.#...
#§○○§○☼☼.§##.○§...#.##..
*
#°○§☼§○§.○##..☼...#.....
#§○○.○§○○§##......####..


There were no monsters in sight!

Vanquished Creatures
  A two-headed ogre (D:10)
  A nameless horror (D:9)
  An orc knight (Bailey)
  An orc sorcerer (Bailey)
  A kobold demonologist (Bailey)
  A komodo dragon (D:5)
  2 hornets (D:9)
  Grinder (D:3)
  A troll (D:8)
  2 polar bears (D:9)
  2 wyverns
  16 yaks
  2 steam dragons
  Menkaure (D:5)
  3 water moccasins
  An ice beast (D:7)
  6 orc warriors
  2 wolves (D:9)
  6 centaurs (D:9)
  A phantom (D:6)
  4 kobold brigands
  A bullfrog (D:8)
  A necrophage (D:7)
  2 scorpions
  6 wights
  9 killer bees (D:7)
  An electric eel (Bailey)
  2 howler monkeys
  A hound (D:5)
  8 jellies
  An orc priest (D:8)
  8 iguanas
  10 orc wizards
  A centaur simulacrum (D:9)
  6 adders
  15 gnolls
  2 white imps (D:5)
  A howler monkey simulacrum (D:9)
  2 dart slugs
  36 orcs
  7 ball pythons
  16 endoplasms
  2 giant cockroaches
  8 hobgoblins
  4 bats
  A frilled lizard (D:2)
  6 goblins (Bailey)
  21 kobolds
  2 rats
236 creatures vanquished.

Vanquished Creatures (others)
  10 fungi (D:6)
  9 plants (D:5)
19 creatures vanquished.

Grand Total: 255 creatures vanquished

Notes
Turn   | Place    | Note
-------+----------+-------------------------------------------
     0 | D:1      | hikkokomori the Meteoran Earth Elementalist began the quest
                  | for the Orb.
     0 | D:1      | Reached XP level 1. HP: 14/14 MP: 5/5
    69 | D:1      | Reached XP level 2. HP: 14/22 MP: 2/6
   120 | D:1      | Found a faded altar of an unknown god.
   131 | D:1      | Prayed at the altar of an unknown god.
   131 | D:1      | Became a worshipper of the Wu Jian Council
   131 | D:1      | Reached * piety under Wu Jian
   165 | D:1      | Reached skill level 1 in Fighting
   458 | D:2      | Reached XP level 3. HP: 23/28 MP: 8/8
   674 | D:3      | Noticed a small abomination
   701 | D:3      | Found a transporter.
   703 | D:3      | Found a one-way gate to the infinite horrors of the Abyss.
   703 | D:3      | Noticed fireball365's ghost (weakling MiFi)
   712 | D:3      | Reached skill level 2 in Fighting
   717 | D:3      | Reached XP level 4. HP: 23/36 MP: 5/9
   749 | D:3      | Reached skill level 5 in Earth Magic
   769 | D:3      | Noticed Grinder
   779 | D:3      | Paralysed by Grinder for 5 turns
   780 | D:3      | Reached XP level 5. HP: 26/44 MP: 6/10
   786 | D:3      | HP: 2/44 [Grinder (2)]
   801 | D:3      | Noticed a kobold brigand
   802 | D:3      | Killed Grinder
   803 | D:3      | Reached skill level 4 in Fighting
   803 | D:3      | Reached XP level 6. HP: 46/53 MP: 1/11
   904 | D:3      | Found a transporter.
  1013 | D:3      | Found a transporter.
  1061 | D:3      | Identified the +4 scale mail of the Hurricane {Stlth+}
  1106 | D:3      | Reached ** piety under Wu Jian
  1187 | D:3      | Found a transporter.
  1259 | D:3      | Reached XP level 7. HP: 59/60 MP: 12/12
  1539 | D:4      | Reached skill level 5 in Fighting
  1598 | D:4      | Learned a level 3 spell: Stone Arrow
  1611 | D:4      | Found a staircase to the Ecumenical Temple.
  1662 | D:5      | Entered Level 5 of the Dungeon
  1703 | D:5      | Noticed a komodo dragon
  1707 | D:5      | Killed a komodo dragon
  1708 | D:5      | Reached skill level 6 in Fighting
  1708 | D:5      | Reached XP level 8. HP: 70/70 MP: 4/13
  1792 | D:5      | Reached skill level 1 in Conjurations
  1817 | D:5      | Noticed Menkaure
  1823 | D:5      | Killed Menkaure
  2190 | D:5      | Reached skill level 7 in Fighting
  2207 | D:5      | Gained mutation: You passively map the area around you.
                  | [Meteoran growth]
  2207 | D:5      | Reached XP level 9. HP: 79/79 MP: 8/14
  2606 | D:6      | Reached *** piety under Wu Jian
  2653 | D:6      | Noticed an oklob plant
  2706 | D:6      | Found Yniyck's Overcharged Wands.
  2741 | D:6      | Found a blossoming altar of Fedhas.
  2755 | D:6      | Noticed an oklob plant
  2905 | D:6      | Reached skill level 1 in Long Blades
  2969 | D:6      | Reached skill level 5 in Conjurations
  3000 | D:6      | Reached skill level 8 in Fighting
  3119 | D:7      | Reached **** piety under Wu Jian
  3312 | D:7      | Reached XP level 10. HP: 90/90 MP: 9/15
  3557 | D:7      | Found a flagged portal.
  3566 | Bailey   | Entered a bailey
  3847 | Bailey   | Learned a level 2 spell: Blink
  3853 | Bailey   | Learned a level 5 spell: Summon Forest
  3904 | Bailey   | Noticed an orc knight
  3910 | Bailey   | Killed an orc knight
  3911 | Bailey   | Reached skill level 9 in Fighting
  3922 | Bailey   | Noticed an orc sorcerer
  3930 | Bailey   | Killed an orc sorcerer
  3957 | Bailey   | Found an iron altar of Okawaru.
  3957 | Bailey   | Noticed a kobold demonologist
  3974 | Bailey   | Killed a kobold demonologist
  4045 | Bailey   | Identified the +4 ring mail of Emaoxig {Int+3}
  4072 | Bailey   | Glimpsed the power of Zot.
  4125 | Bailey   | Glimpsed the power of Zot.
  4152 | D:7      | Acquired the ring of Dithmenos's Envy {rF+ Dex+6 Slay+3
                  | Stlth+}
  4297 | D:8      | Found a large runed translucent door.
  4307 | D:8      | Found a large runed translucent door.
  4318 | D:8      | Found a sacrificial altar of Ru.
  4327 | D:8      | Reached XP level 11. HP: 24/99 MP: 3/16
  4362 | D:8      | Found a shadowy altar of Dithmenos.
  4436 | D:8      | Found a staircase to the Lair.
  4725 | D:8      | Identified the +6 scale mail of Hairy Liberty {Rampage
                  | Str+4}
  4759 | D:8      | Found a shimmering blue altar of Sif Muna.
  4863 | D:8      | Reached skill level 5 in Summonings
  4863 | D:8      | Reached skill level 5 in Translocations
  5005 | D:9      | Noticed a two-headed ogre
  5041 | D:9      | Paralysed by a hornet for 3 turns
  5049 | D:9      | Reached skill level 10 in Fighting
  5065 | D:9      | Learned a level 2 spell: Passwall
  5117 | D:9      | Reached skill level 5 in Short Blades
  5197 | D:9      | Found a runed translucent door.
  5198 | D:9      | Noticed Icepheonix32's ghost (journeyman MfTm)
  5235 | D:9      | Reached ***** piety under Wu Jian
  5264 | D:9      | Reached skill level 11 in Fighting
  5458 | D:9      | Noticed a nameless horror
  5466 | D:9      | Killed a nameless horror
  5506 | D:10     | Entered Level 10 of the Dungeon
  5677 | D:10     | Noticed a two-headed ogre
  5683 | D:10     | Killed a two-headed ogre
  5684 | D:10     | Reached XP level 12. HP: 91/112 MP: 10/17
  5701 | D:10     | Reached skill level 5 in Long Blades
  5703 | D:10     | Reached skill level 12 in Fighting
  5703 | D:10     | Noticed Erica
  5714 | D:10     | HP: 5/112 [something (11)]
  5714 | D:10     | Engulfed by a cloud of poison gas

Illustrated notes

Levels and vault maps discovered:
D:1:      scummos_arrival_checkerplants, layout_basic,
          ebering_ecumenical_altar_abandoned, dk_noncrumbling_3,
          serial_bayou_crossing
D:2:      layout_loops_ring
D:3:      gammafunk_wand_slinger, layout_basic, gammafunk_ghost_abyssal_escape,
          uniq_grinder
D:4:      layout_cave_pools, minmay_temple_entry_glass
D:5:      layout_gridville, st_stairs_5, kennysheep_flooded_box,
          serial_bayou_lake_a, uniq_menkaure
D:6:      lemuel_slime, layout_cave_pools, tgw_fedhas, grunt_decor_junction,
          nicolae_shop_overcharged_wands
D:7:      layout_loops_cross, enter_bailey_2
D:8:      layout_basic, jmf_multi_god_temple2, led_sif_book, lair_entry_dummy
D:9:      layout_roguey, ebering_ghost_inner_flame, serial_ice, serial_ice_c,
          serial_ice_l, serial_ice_e, serial_ice_n, serial_ice_f, centaur_isle
D:10:     layout_basic, kennysheep_orc_monster_closet_entryway, uniq_erica

Skill      XL: |  1  2  3  4  5  6  7  8  9 10 11 12 |
---------------+-------------------------------------+-----
Fighting       | 1 2 4 6 7 8 9 11 12 | 12.1
Earth Magic    | 4 5 6 7 8 9 |  9.2
Conjurations   | 3 6 |  6.5
Long Blades    | 3 4 5 |  5.5
Short Blades   | 4 7 |  7.8
Summonings     | 4 5 |  5.3
Translocations | 4 5 |  5.3
Dodging        | |  2.4
Stealth        | |  1.4
Spellcasting   | |  2.6
Transmutations | |  1.2

Action                   |  1- 3 |  4- 6 |  7- 9 | 10-12 || total
-------------------------+-------+-------+-------+-------++-------
Melee: Spear             |    42 |       |       |       ||    42
       Dagger            |     6 |    30 |   146 |   211 ||   393
       Punch             |       |     1 |     3 |     1 ||     5
       Great sword       |       |       |       |    16 ||    16
Throw: Dart              |       |       |       |     1 ||     1
 Cast: Sandblast         |    22 |    23 |    22 |     3 ||    70
       Stone Arrow       |       |       |    54 |   111 ||   165
Invok: Whirlwind         |     2 |     1 |     4 |     5 ||    12
       Lunge             |     1 |     5 |     3 |     9 ||    18
       Serpent's Lash    |       |       |       |     1 ||     1
 Abil: Wall Jump         |       |       |       |     2 ||     2
Evoke: Wand              |       |       |     1 |     5 ||     6
  Use: Scroll            |     2 |       |     5 |     5 ||    12
       Potion            |       |     1 |     2 |     5 ||     8
 Stab: Sleeping          |     1 |     2 |     1 |     1 ||     5
       Distracted        |       |     1 |       |       ||     1
       Paralysed         |       |       |     1 |     5 ||     6
Armor: Robe              |     9 |    11 |    47 |     3 ||    70
       Ring mail         |       |       |       |    73 ||    73
       Leather armour    |       |       |       |     3 ||     3
       Skin              |       |       |       |    41 ||    41
Dodge: Dodged            |    29 |    20 |    80 |   102 ||   231
